 Dungeon Sprint DCSS version 0.22.1-1-ga44c0e56f4 (webtiles) character file.

6645 MuseOD the Impaler (level 11, -17/101 (102) HPs)
             Began as a Merfolk Berserker on Oct 5, 2018.
             Was a High Priest of Trog.
             Killed from afar by a death drake (18 damage)
             ... with a foul vapour
             ... in the Dungeon (Sprint II: "The Violet Keep of Menkaure").
             The game lasted 00:06:15 (1276 turns).

MuseOD the Impaler (Merfolk Berserker)              Turns: 1276, Time: 00:06:17

HP:   -17/101 (102) AC:  2    Str: 21    XL:     11   Next: 2%
MP:   11/11         EV: 21    Int:  5    God:    Trog [*****.]
Gold: 1554          SH:  0    Dex: 13    Spells: 10/10 levels left

rFire    . . .     SeeInvis .   n - +5 glaive (venom)
rCold    . . .     Gourm    .   (shield currently unavailable)
rNeg     . . .     Faith    .   b - +0 animal skin
rPois    .         Spirit   .   (no helmet)
rElec    .         Reflect  .   (no cloak)
rCorr    .         Harm     .   (no gloves)
MR       ++...     NoTele   +   (no boots)
Stlth    +.........             (no amulet)
HPRegen  1.26/turn              (no ring)
MPRegen  0.12/turn              (no ring)

@: lethally poisoned (-17 -> -44), regenerating
A: change form in water, swift swim, stealthy swim, dopey 1
a: Berserk, Trog's Hand, Brothers in Arms, Renounce Religion


You were in the Dungeon.
You worshipped Trog.
Trog was extremely pleased with you.
You were hungry.

You visited 1 branch You collected 1554 gold pieces.

Inventory:

Hand Weapons
 a - a +0 spear
 k - a +8 antimagic bardiche
 n - a +5 glaive of venom (weapon)
Missiles
 j - 44 bolts
 l - 5 needles of sleeping
Armour
 b - a +0 animal skin (worn)
Wands
 p - a wand of random effects (21)
Scrolls
 i - a scroll of blinking
 m - a scroll of remove curse {unknown}
Potions
 e - a potion of heal wounds
 f - a potion of haste
 g - 2 potions of magic
 h - a potion of berserk rage
 o - 3 potions of flight {unknown}
Comestibles
 c - a ration
 q - 9 chunks of flesh


   Skills:
 + Level 15.2 Fighting
 + Level 19.9 Polearms
 + Level 8.6 Armour
 + Level 14.5 Dodging


You had 10 spell levels left.
You didn't know any spells.
Your spell library was empty.

Dungeon Overview and Level Annotations

Branches:
Dungeon (1/1)

Altars:
Cheibriados
Dithmenos
Elyvilon
Fedhas
Gozag
Kikubaaqudgha
Makhleb
Nemelex Xobeh
Okawaru
Ru
Sif Muna
Trog
Uskayaw
Vehumet
Wu Jian
Xom
Yredelemnul
Zin
The Shining One
Jiyva
Lugonu

Shops:
D (%[?(*!:}=!

Annotations:
D exclusion: ice statue


Innate Abilities, Weirdness & Mutations

You revert to your normal form in water.
You are very nimble and swift while swimming.
You are very stealthy in the water. (Stealth+)
You are dopey. (Int -2)


Message History

* * * LOW HITPOINT WARNING * * *
You're too confused!
Unknown command.
You feel less confused.
You feel very sick. The death drake bites you.
* * * LOW HITPOINT WARNING * * *
You feel better. The death drake breathes miasma at you.
The foul vapour engulfs you!
You are poisoned.
* * * LOW HITPOINT WARNING * * *
You are engulfed in dark miasma.
You are lethally poisoned!
* * * LOW HITPOINT WARNING * * *
x2 You feel very sick.
The death drake breathes miasma at you. The foul vapour engulfs you!
You are more poisoned.
You feel your flesh rotting away!
You die...

++#+++## ... ## .......#
.. .# ##'##..# #. .#
#.#.##.#### +.##.
..#†.#....# #.§†####
##.#####..## #§§##.#
##'###.##..# +§§#..#
##.##.#.#..# #k§#.)#
'.<.'###'..####§@##†#
##.##.#.#....###§§.##▓▓
##'###.##...§§.≈≈≈(≈≈≈≈≈≈≈
#...####≈≈§....≈#+########
..#..#≈≈§≈≈≈≈..≈#_._._...#
#.#.##≈≈§≈§≈§≈.≈#._._._._#
##+##≈≈≈§§≈≈§≈≈≈#_._._._.#
≈≈≈≈≈≈≈≈≈≈≈≈§≈≈§#._._._._#
++#+++#§§≈§≈§§§§#.._._._.#


You could see a death drake.

Vanquished Creatures
  A great orb of eyes (D)
  A yaktaur (D)
  4 polar bears (D)
  A hornet (D)
  2 hippogriffs (D)
  2 wyverns (D)
  4 neqoxecs (D)
  A vampire mosquito (D)
  2 soldier ants (D)
  5 necrophages (D)
  A crocodile (D)
  An iron imp (D)
  4 worker ants (D)
  A spectral bat (D)
30 creatures vanquished.

Vanquished Creatures (collateral kills)
  Kirke (D)
  A crystal guardian (D)
  A yaktaur captain (D)
  A centaur warrior (D)
  A skeletal warrior (D)
  A death drake (D)
  An elephant (D)
  A kobold demonologist (D)
  A polar bear (D)
  A soldier ant (D)
  2 swamp drakes (D)
  A spectral adder (D)
13 creatures vanquished.

Vanquished Creatures (others)
  Menkaure (D)
  A crocodile (D)
2 creatures vanquished.

Grand Total: 45 creatures vanquished

Notes
Turn   | Place    | Note
-------+----------+-------------------------------------------
     0 | D        | MuseOD the Merfolk Berserker began the quest for the Orb.
     0 | D        | Reached XP level 1. HP: 18/18 MP: 1/1
     1 | D        | Noticed a necrophage
     1 | D        | Noticed a necrophage
     1 | D        | Noticed a necrophage
     1 | D        | Noticed a necrophage
    16 | D        | Killed a necrophage
    16 | D        | Reached skill level 9 in Polearms
    16 | D        | Reached XP level 2. HP: 7/28 MP: 2/2
    16 | D        | Reached XP level 3. HP: 9/34 MP: 3/3
    16 | D        | Reached XP level 4. HP: 11/40 MP: 4/4
    20 | D        | Killed a necrophage
    20 | D        | Reached skill level 10 in Polearms
    20 | D        | Reached skill level 5 in Dodging
    20 | D        | Reached XP level 5. HP: 15/48 MP: 5/5
    24 | D        | Killed a necrophage
    24 | D        | Reached ** piety under Trog
    24 | D        | Reached skill level 11 in Polearms
    24 | D        | Reached XP level 6. HP: 10/56 MP: 6/6
    26 | D        | Killed a necrophage
    26 | D        | Reached skill level 12 in Polearms
    33 | D        | Killed Menkaure
   286 | D        | Noticed a neqoxec
   286 | D        | Noticed a neqoxec
   286 | D        | Noticed a neqoxec
   286 | D        | Noticed a neqoxec
   293 | D        | Killed a neqoxec
   293 | D        | Reached skill level 10 in Fighting
   293 | D        | Reached skill level 13 in Polearms
   293 | D        | Reached XP level 7. HP: 65/65 MP: 7/7
   304 | D        | Gained mutation: You are dopey. (Int -2) [a neqoxec]
   305 | D        | Killed a neqoxec
   305 | D        | Reached *** piety under Trog
   305 | D        | Reached skill level 14 in Polearms
   309 | D        | Killed a neqoxec
   309 | D        | Reached skill level 15 in Polearms
   312 | D        | Killed a neqoxec
   368 | D        | Noticed a hippogriff
   368 | D        | Noticed a hippogriff
   378 | D        | Killed a hippogriff
   378 | D        | Reached XP level 8. HP: 70/75 MP: 8/8
   391 | D        | Killed a hippogriff
   391 | D        | Reached **** piety under Trog
   391 | D        | Reached skill level 16 in Polearms
   417 | D        | Noticed an ice statue
   743 | D        | Reached ***** piety under Trog
   829 | D        | Found Jecawag's Jewellery Boutique.
   829 | D        | Found Belefre's Book Shop.
   829 | D        | Found Fonoh's Antique Weapon Boutique.
   829 | D        | Found Qocoucsul's General Store.
   829 | D        | Found Kirybric's Magic Scroll Shop.
   830 | D        | Found Ycsigen's Distillery.
   830 | D        | Found Lopuwolo's Distillery.
   830 | D        | Found Sixooha's Antique Armour Shop.
   831 | D        | Found Ylufoh's Gadget Boutique.
   831 | D        | Found Zelozaydi's Food Shop.
   831 | D        | Found Jasoggod's Weapon Boutique.
   831 | D        | Noticed a shining eye
   838 | D        | Noticed an elephant
   838 | D        | Noticed a centaur warrior
   838 | D        | Noticed Kirke
   838 | D        | Noticed a skeletal warrior
   838 | D        | Noticed a yaktaur captain
   838 | D        | Noticed a kobold demonologist
   843 | D        | Killed a yaktaur captain
   843 | D        | Reached skill level 17 in Polearms
   843 | D        | Reached skill level 5 in Armour
   843 | D        | Reached skill level 10 in Dodging
   843 | D        | Reached XP level 9. HP: 71/83 MP: 9/9
   845 | D        | Killed a kobold demonologist
   848 | D        | Killed Kirke
   848 | D        | Received a gift from Trog
   851 | D        | Killed a skeletal warrior
   851 | D        | Reached skill level 18 in Polearms
   851 | D        | Killed an elephant
   853 | D        | Killed a centaur warrior
   853 | D        | Reached XP level 10. HP: 81/92 MP: 10/10
   853 | D        | Noticed a great orb of eyes
   860 | D        | Killed a great orb of eyes
   905 | D        | Received a gift from Trog
   985 | D        | Reached skill level 19 in Polearms
  1127 | D        | Found an iron altar of Okawaru.
  1127 | D        | Found an opulent altar of Gozag.
  1128 | D        | Found a sparkling altar of Nemelex Xobeh.
  1128 | D        | Found a blossoming altar of Fedhas.
  1129 | D        | Found a radiant altar of Vehumet.
  1129 | D        | Found a burning altar of Makhleb.
  1129 | D        | Found a white marble altar of Elyvilon.
  1130 | D        | Found a hide-covered altar of Uskayaw.
  1130 | D        | Found a corrupted altar of Lugonu.
  1130 | D        | Found a shadowy altar of Dithmenos.
  1131 | D        | Found a glowing silver altar of Zin.
  1131 | D        | Found a bloodstained altar of Trog.
  1131 | D        | Found an ancient bone altar of Kikubaaqudgha.
  1131 | D        | Found a snail-covered altar of Cheibriados.
  1132 | D        | Found a basalt altar of Yredelemnul.
  1132 | D        | Found a deep blue altar of Sif Muna.
  1132 | D        | Found a viscous altar of Jiyva.
  1133 | D        | Found a shimmering altar of Xom.
  1133 | D        | Found a sacrificial altar of Ru.
  1134 | D        | Found a glowing golden altar of the Shining One.
  1134 | D        | Found an ornate altar of the Wu Jian Council.
  1145 | D        | Reached ****** piety under Trog
  1148 | D        | Received a gift from Trog
  1148 | D        | Reached skill level 15 in Fighting
  1250 | D        | Noticed a death drake
  1253 | D        | Noticed a crystal guardian
  1255 | D        | Killed a death drake
  1255 | D        | Noticed a death drake
  1261 | D        | Killed a crystal guardian
  1261 | D        | Reached XP level 11. HP: 55/101 MP: 11/11
  1276 | D        | HP: 4/102 [death drake] (11)]
  1276 | D        | HP: 1/102 [poisoned by a death drake (dark miasma)]
  1276 | D        | Killed from afar by a death drake

Skill      XL: |  1  2  3  4  5  6  7  8  9 10 |
---------------+-------------------------------+-----
Fighting       | 6 7 8 10 11 12 13 15 | 15.2
Polearms       | 9 10 11 13 15 17 18 19 | 19.9
Armour         | 2 3 4 5 6 8 |  8.6
Dodging        | 4 5 6 7 8 10 12 14 | 14.5

Action                   |  1- 3 |  4- 6 |  7- 9 | 10-12 || total
-------------------------+-------+-------+-------+-------++-------
Melee: Spear             |    13 |    14 |    80 |     2 ||   109
       Glaive            |       |       |       |    37 ||    37
       Bardiche          |       |       |       |     2 ||     2
       Tailslap          |       |       |       |     1 ||     1
Invok: Berserk           |       |     2 |       |     2 ||     4
       Trog's Hand       |       |       |     1 |     1 ||     2
       Brothers in Arms  |       |       |     1 |     3 ||     4
  Use: Potion            |       |       |       |     1 ||     1
 Stab: Sleeping          |       |       |     1 |       ||     1
  Eat: Chunk             |       |       |     2 |     4 ||     6
Armor: Animal skin       |     5 |       |     1 |     3 ||     9
Dodge: Dodged            |     4 |     5 |    34 |    20 ||    63
